Unix NetHack Version 5.0.0-0 post-release - last build Jun 10 2026 00:39:30 (3ee93aec679c4c4259841fe613dc97188e26a321,branch:main).

Game began 2026-06-13 03:05:35, ended 2026-06-13 03:15:07.

Felix1, chaotic male human Rogue

                                                           ----------
                                                    #######.........|
                                        ###################|........|
                                        #                 #-<.......|
                              ######## ##                  |........|
                              #----- ####                  |........|
         ----------------     #|...|   ##+                 ----------
         |%([%*.%??)!((.-##m@##|...|
         |?+)(%/[)[(.%".| #####|....
         |%/*%?("?!!%%%.|     #..>.|
         ----------------      |...-
                               -----

Felix1 the Cutpurse     St:14 Dx:18 Co:13 In:9 Wi:11 Ch:10  Chaotic
Dlvl:4  $:32 HP:0(24) Pw:16(16) AC:7  Xp:4 T:984  Burdened

Latest messages:
 You miss the small mimic.
 You hit the small mimic.
 You hit the small mimic.
 You miss the small mimic.
 You hit the small mimic.
 You kill the small mimic!
 Welcome to experience level 3.
 You see here a food ration (for sale, 60 zorkmids).
 You see here a food ration (for sale, 60 zorkmids).
 You see here 2 slime molds (for sale, 46 zorkmids).
 You see here a potion of sickness (for sale, 67 zorkmids).
 You see here a bubbly potion (for sale, 533 zorkmids).
 You see here a scroll labeled LEP GEX VEN ZEA (for sale, 107 zorkmids).
 You see here a bubbly potion (for sale, 533 zorkmids).
 You see here a potion of sickness (for sale, 67 zorkmids).
 The hobbit shoots a rock!
 You are hit by a rock.
 You see here 2 slime molds (for sale, 46 zorkmids).
 The hobbit shoots a rock!
 You are hit by a rock.
 You hit the hobbit.
 You hit the hobbit.
 The hobbit swings her sling.
 The hobbit misses!
 You kill the hobbit!
 Welcome to experience level 4.
 There are several objects here.
 That looking glass is a small mimic!
 The small mimic hits!
 There are several objects here.
 You hit the small mimic.
 You miss the small mimic.
 You hit the small mimic.
 You miss the small mimic.
 You hit the small mimic!
 You hit the small mimic.
 The small mimic hits!
 There are several objects here.
 You see here a circular amulet (for sale, 200 zorkmids).
 You do not owe Kabalebo anything.
 You do not owe Kabalebo anything.
 That boulder is a small mimic!
 The small mimic hits!
 You hit the small mimic!
 The small mimic hits!
 You die...
 Do you want your possessions identified? [ynq] (y) y
 Do you want to see your attributes? [ynq] (y) y
 Do you want an account of creatures vanquished? [ynaq] (y) y
 Do you want to see your conduct and achievements? [ynq] (y) q

Inventory:
 Coins    ('$')
  $ - 32 gold pieces
 Weapons  (')')
  b - 13 +0 daggers (alternate weapons; not wielded)
  a - a +0 short sword (weapon in right hand)
 Armor    ('[')
  c - an uncursed +1 leather armor (being worn)
 Comestibles  ('%')
  j - an uncursed banana
  m - 2 uncursed food rations
  r - an uncursed pancake
 Scrolls  ('?')
  w - an uncursed scroll of amnesia
  g - an uncursed scroll of magic mapping
  h - an uncursed scroll of scare monster
 Spellbooks  ('+')
  s - an uncursed spellbook of create monster
  i - an uncursed spellbook of healing
  q - an uncursed spellbook of identify
  n - an uncursed spellbook of remove curse
 Potions  ('!')
  p - an uncursed potion of confusion
  k - a cursed potion of gain energy
  t - 2 cursed potions of healing
  o - an uncursed potion of levitation
  d - an uncursed potion of sickness
  l - an uncursed potion of water
 Wands    ('/')
  y - a wand of create monster (0:13)
  u - a wand of digging (0:5)
 Tools    ('(')
  f - an empty uncursed sack
  e - an uncursed lock pick
 Gems/Stones  ('*')
  x - an uncursed worthless piece of white glass

Felix1 the Rogue's attributes:

Background:
 You were a Cutpurse, a level 4 male human Rogue.
 You were chaotic, on a mission for Kos
 who was opposed by Issek (lawful) and Mog (neutral).
 You were right-handed.
 You were in the Dungeons of Doom, on level 4.
 You entered the dungeon 984 turns ago.
 It was nighttime.
 You had 80 experience points, 80 more were needed to attain level 5.

Basics:
 You had 0 out of 24 hit points.
 You had all 16 energy points (spell power).
 Your armor class was 7.
 Your wallet contained 32 zorkmids.
 Autopickup was off.

Final Characteristics:
 Your strength was 14 (limit:18/100).
 Your dexterity was 18 (limit:18).
 Your constitution was 13 (limit:18).
 Your intelligence was 9 (limit:18).
 Your wisdom was 11 (limit:18).
 Your charisma was 10 (limit:18).

Final Status:
 You weren't hungry.
 You were burdened; movement was slightly slowed.
 You were wielding a short sword.
 You had basic skill with short sword.

Final Attributes:
 You were devoutly aligned.
 You were stealthy.
 You were warded.
 You are dead.

Miscellaneous:
 You didn't encounter any bones levels.
 Total elapsed playing time was 9 minutes and 31 seconds.

Major events:
 Turn
    1: Felix1 the chaotic male human Rogue entered the dungeon
  924: attained the rank of Cutpurse (level 3)
  984: killed by a small mimic

You didn't know any spells.

Skills:
 Fighting Skills
   bare handed combat [Unskilled]
   two weapon combat  [Unskilled]
   riding             [Unskilled]
 Weapon Skills
   dagger             [Basic]
   knife              [Unskilled]
   short sword        [Basic]
   broadsword         [Unskilled]
   long sword         [Unskilled]
   two-handed sword   [Unskilled]
   saber              [Unskilled]
   club               [Unskilled]
   mace               [Unskilled]
   morning star       [Unskilled]
   flail              [Unskilled]
   hammer             [Unskilled]
   polearms           [Unskilled]
   spear              [Unskilled]
   crossbow           [Unskilled]
   dart               [Unskilled]
   shuriken           [Unskilled]
 Spellcasting Skills
   divination spells  [Unskilled]
   escape spells      [Unskilled]
   matter spells      [Unskilled]

Voluntary challenges:
 Character rerolling was not enabled.
 You were an atheist.
 You were illiterate.
 You never genocided any monsters.
 You never polymorphed an object.
 You never changed form.
 You used no wishes.
Achievements:
 You entered a shop.
 You attained the rank of Cutpurse.

 The Dungeons of Doom: levels 1 to 4
    Level 1:
    Level 2:
       A fountain.
    Level 3:
       A fountain, a sink.
    Level 4: <- You were here.
       A general store.
       Final resting place for
          you, killed by a small mimic.


Vanquished creatures:
  a small mimic
  a hobbit
  a green mold
  a red mold
  a gecko
  4 jackals
  a kobold
  5 grid bugs
  3 lichens
  a newt
19 creatures vanquished.

No species were genocided or became extinct.

Game over:
                       ----------
                      /          \
                     /    REST    \
                    /      IN      \
                   /     PEACE      \
                  /                  \
                  |      Felix1      |
                  |      32 Au       |
                  |   killed by a    |
                  |   small mimic    |
                  |                  |
                  |                  |
                  |       2026       |
                 *|     *  *  *      | *
        _________)/\\_//(\/(/\)/\//\/|_)_______

Goodbye Felix1 the Rogue...

You died in The Dungeons of Doom on dungeon level 4 with 499 points,
and 32 pieces of gold, after 984 moves.
You were level 4 with a maximum of 24 hit points when you died.

